 Dungeon Crawl Stone Soup version 0.17.1-1-g73c8601 (webtiles) character file.

2145 JustSomeDude the Covert (level 9, -2/78 HPs)
             Began as a Naga Assassin on Dec 17, 2015.
             Was an Initiate of Dithmenos.
             Slain by a sky beast (5 damage)
             ... on level 7 of the Dungeon.
             The game lasted 00:31:44 (6727 turns).

JustSomeDude the Covert (Naga Assassin)             Turns: 6727, Time: 00:31:46

Health: -2/78      AC:  6    Str: 17    XL:     9   Next: 31%
Magic:  9/9        EV: 14    Int: 11    God:    Dithmenos [......]
Gold:   316        SH:  0    Dex: 16    Spells: 0 memorised, 8 levels left

rFire  . . .     SeeInvis +     a - +2 dagger
rCold  . . .     Clarity  .     k - +1 robe {MR+}
rNeg   + . .     SustAt   .     (no shield)
rPois  +         Gourm    .     (helmet restricted)
rElec  .         Spirit   .     d - +0 cloak
rCorr  .         Warding  +     (no gloves)
rMut   .         Stasis   .     (no barding)
MR     ++...                    A - amulet of warding
Stlth  ++++++....               (no ring)
                                C - +3 ring of strength

@: very slightly contaminated, very slow, very resistant to hostile
enchantments, very stealthy
A: horns 1, see invisible, deformed body, poison resistance, slowness 2, slow
metabolism 1, spit poison 2, AC +3
a: Spit Poison, Renounce Religion


You were on level 7 of the Dungeon.
You worshipped Dithmenos.
Dithmenos was noncommittal.
You were not hungry.

You visited 2 branches of the dungeon, and saw 9 of its levels.
You also visited: Sewer.

You collected 316 gold pieces.

Inventory:

Hand Weapons
 a - a +2 dagger (weapon)
 b - a +0 blowgun
 x - a +3 flail of draining
Missiles
 e - 8 poisoned needles
 f - 2 curare-tipped needles
 l - 2 javelins of returning (quivered)
Armour
 d - a +0 cloak (worn)
 k - a +1 robe of magic resistance (worn)
Magical Staves
 o - an uncursed staff of conjuration
Jewellery
 A - an amulet of warding (around neck)
 C - a +3 ring of strength (left hand)
Wands
 w - a wand of disintegration (14)
 F - a wand of random effects (16)
Scrolls
 i - 2 scrolls of remove curse
 j - 5 scrolls of noise
 m - 3 scrolls of teleportation
 n - 6 scrolls of identify
 q - 2 scrolls of blinking
 r - 2 scrolls of amnesia
 y - a scroll of fog
Potions
 c - a potion of experience {unknown}
 u - a potion of ambrosia
Books
 s - a book of Transfigurations

   Spells                             Type                      Level
   a - Stoneskin                      Transmutation/Earth          2
   b - Irradiate                      Conjuration/Transmutation    5
   c - Statue Form                    Transmutation/Earth          6
   d - Hydra Form                     Transmutation                6
   e - Dragon Form                    Transmutation                7
Comestibles
 g - 3 bread rations
 h - 3 meat rations
 z - 3 fruits
 B - a beef jerky


   Skills:
 + Level 4.0 Fighting
 + Level 4.3 Short Blades
 + Level 3.1 Throwing
 * Level 6.7 Dodging
 + Level 11.5 Stealth


You had 8 spell levels left.
You didn't know any spells.

Dungeon Overview and Level Annotations

Branches:
Dungeon (8/15)             Temple (1/1) D:6
   Lair: D:8-11

Altars:
Cheibriados
Dithmenos
Elyvilon
Fedhas
Gozag
Kikubaaqudgha
Makhleb
Nemelex Xobeh
Qazlal
Ru
Sif Muna
Trog
Vehumet
Xom
Yredelemnul
Zin
The Shining One

Annotations:
D:2 Natasha
D:8 Psyche; lucasterio's ghost, novice DsBe


Innate Abilities, Weirdness & Mutations

You cannot wear boots.
Your serpentine skin is tough (AC +3).
You have supernaturally acute eyesight.
Armour fits poorly on your strangely shaped body.
Your system is resistant to poisons.
You cover ground very slowly.
You have a slow metabolism.
You can spit poison.
You have a pair of small horns on your head.


Message History

The sky beast shocks you.
* * * LOW HITPOINT WARNING * * *
You hit the sky beast.
The sky beast is lightly wounded.
The sky beast closely misses you.
You hit the sky beast. Your headbutt misses the sky beast.
The sky beast is lightly wounded.
You hit the sky beast but do no damage.
The sky beast is lightly wounded.
The sky beast barely misses you.
You hit the sky beast but do no damage. Your headbutt misses the sky beast.
The sky beast is lightly wounded.
The sky beast misses you.
You hit the sky beast but do no damage.
You headbutt the sky beast, but do no damage.
The sky beast is lightly wounded.
The sky beast hits you.
* * * LOW HITPOINT WARNING * * *
The sky beast shocks you.
You die...

###
#####.#######
#Z#.#.#.Y...Y.#
........#####.#
##+##.#.#
#...#...#
+...'.#.#
#.@Y#.....O..
##'##.#..(#.>
...............#
####.#.#.#.#.O.#
#. #. .......# #
#. ....#..# ..
.... ..# ..
....# #.. .##.#


You could see a sky beast (invisible).

Vanquished Creatures
  Sigmund (D:2)
  A water moccasin (D:7)
  4 ogres
  2 ice beasts (D:6)
  A necrophage (D:6)
  A phantom (D:7)
  A centaur (D:6)
  4 big kobolds (Sewer)
  A giant frog (D:6)
  2 scorpions
  A crimson imp (D:6)
  3 hounds
  A jelly (D:5)
  2 orc priests (D:7)
  Ijyb (D:2)
  An iguana (D:6)
  Natasha (D:2)
  An orc wizard (D:4)
  5 worker ants
  2 hound skeletons
  A worker ant zombie (D:6)
  5 adders
  3 gnolls (D:2)
  2 shadow imps (D:6)
  6 oozes
  2 adder skeletons
  3 worms
  5 giant geckos
  6 orcs
  3 ball pythons
  11 bats
  3 giant cockroaches
  3 hobgoblins
  7 jackals
  9 kobolds
  3 quokkas
  4 giant newts
  3 goblins
  9 rats
124 creatures vanquished.

Notes
Turn   | Place    | Note
--------------------------------------------------------------
     0 | D:1      | JustSomeDude the Naga Assassin began the quest for the Orb.
     0 | D:1      | Reached XP level 1. HP: 19/19 MP: 1/1
   132 | D:1      | Reached skill level 6 in Stealth
   182 | D:1      | Reached XP level 2. HP: 13/26 MP: 2/2
   527 | D:1      | Reached skill level 1 in Dodging
   710 | D:2      | Reached XP level 3. HP: 32/32 MP: 3/3
   813 | D:2      | Noticed Natasha
   822 | D:2      | Killed Natasha
   822 | D:2      | Reached skill level 7 in Stealth
   822 | D:2      | Reached XP level 4. HP: 28/39 MP: 4/4
   896 | D:2      | Noticed Sigmund
   924 | D:2      | Noticed Natasha
   945 | D:2      | Gained mutation: You are weak. (Str -2) [potion of mutation]
   945 | D:2      | Gained mutation: You are partially covered in iridescent scales (AC +4). [potion of mutation]
   971 | D:2      | Killed Sigmund
   971 | D:2      | Reached skill level 8 in Stealth
   971 | D:2      | Reached XP level 5. HP: 27/46 MP: 5/5
   971 | D:2      | Reached XP level 6. HP: 32/55 MP: 6/6
  1218 | D:2      | Noticed Ijyb
  1240 | D:2      | Killed Ijyb
  1272 | D:2      | Found a sparkling altar of Nemelex Xobeh.
  2103 | D:4      | Reached XP level 7. HP: 61/61 MP: 7/7
  2347 | D:4      | Reached skill level 9 in Stealth
  2399 | D:4      | Found a glowing drain.
  2407 | Sewer    | Entered a sewer
  2682 | Sewer    | Lost mutation: You are weak. (Str -2) [potion of cure mutation]
  2682 | Sewer    | Lost mutation: You are partially covered in iridescent scales (AC +4). [potion of cure mutation]
  2686 | Sewer    | Gained mutation: You passively map a small area around you. [potion of mutation]
  2686 | Sewer    | Gained mutation: You are weak. (Str -2) [potion of mutation]
  2686 | Sewer    | Gained mutation: You are robust (+10% HP). [potion of mutation]
  2687 | Sewer    | Gained mutation: You have a pair of small horns on your head. [potion of mutation]
  2687 | Sewer    | Gained mutation: Your mind is acute. (Int +2) [potion of mutation]
  2688 | Sewer    | Lost mutation: You are robust (+10% HP). [potion of cure mutation]
  2688 | Sewer    | Lost mutation: Your mind is acute. (Int +2) [potion of cure mutation]
  2688 | Sewer    | Lost mutation: You are weak. (Str -2) [potion of cure mutation]
  2688 | Sewer    | Lost mutation: You passively map a small area around you. [potion of cure mutation]
  2856 | D:4      | Reached XP level 8. HP: 69/69 MP: 8/8
  3409 | D:5      | Entered Level 5 of the Dungeon
  3453 | D:5      | Reached skill level 5 in Dodging
  3889 | D:5      | Found a deep blue altar of Sif Muna.
  3890 | D:5      | Found a basalt altar of Yredelemnul.
  4510 | D:6      | Reached skill level 10 in Stealth
  4543 | D:6      | Found a staircase to the Ecumenical Temple.
  4570 | Temple   | Entered the Ecumenical Temple
  4739 | Temple   | Became a worshipper of Dithmenos the Shadowed
  5215 | D:6      | Reached skill level 11 in Stealth
  5276 | D:6      | Found a burning altar of Makhleb.
  5712 | D:6      | Reached XP level 9. HP: 22/78 MP: 9/9
  6169 | D:8      | Noticed lucasterio's ghost (novice DsBe)
  6248 | D:8      | Noticed Psyche
  6727 | D:7      | HP: 3/78 [sky beast (2)]
  6727 | D:7      | Slain by a sky beast

Action                   |  1- 3 |  4- 6 |  7- 9 || total
-------------------------+-------+-------+-------++-------
Melee: Dagger            |    38 |   143 |   404 ||   585
 Fire: Blowgun           |       |     2 |       ||     2
Throw: Javelin           |       |    15 |    24 ||    39
 Abil: Spit Poison       |     1 |     3 |     7 ||    11
  Use: Scroll            |       |     3 |    13 ||    16
       Potion            |       |     2 |    18 ||    20
 Stab: Sleeping          |    15 |    11 |    24 ||    50
       Distracted        |       |     1 |     2 ||     3
  Eat: Bread ration      |       |     1 |     1 ||     2
       Fruit             |       |       |     2 ||     2
       Meat ration       |       |       |     1 ||     1
       Pizza             |       |       |     1 ||     1
